 Dungeon Crawl Stone Soup version 0.28-a0-1395-g4f6bc678fa (webtiles) character file.

Game seed: 2250248927972044754

81 Deminshera the Sneak (level 4, -2/24 HPs)
             Began as a Kobold Venom Mage on Jan 4, 2022.
             Killed from afar by a steam dragon (23 damage)
             ... with a ball of steam
             ... on level 3 of the Dungeon.
             The game lasted 00:03:39 (5131 turns).

Deminshera the Sneak (Kobold Venom Mage)            Turns: 5131, Time: 00:03:40

Health: -2/24      AC:  2    Str:  5    XL:     4   Next: 67%
Magic:  1/8        EV: 15    Int: 18    God:
Gold:   49         SH:  0    Dex: 15    Spells: 3/9 levels left

rFire   . . .      SeeInvis .   b - +0 dagger
rCold   . . .      Faith    .   (no shield)
rNeg    . . .      Spirit   .   a - +0 robe
rPois   .          Reflect  .   (no helmet)
rElec   .          Harm     .   (no cloak)
rCorr   .          Rampage  .   (no gloves)
Will    .....                   (no boots)
Stlth   +++.......              (no amulet)
HPRegen 0.08/turn               (no ring)
MPRegen 0.11/turn               (no ring)

@: no status effects
A: small, no large weapons, nightstalker 3
a: no special abilities


You were on level 3 of the Dungeon.
You visited 1 branch of the dungeon, and saw 3 of its levels.

You collected 49 gold pieces.

Inventory:

Hand Weapons
 b - a +0 dagger (weapon)
Armour
 a - a +0 robe (worn)
Scrolls
 f - a scroll of vulnerability {unknown}
 g - 2 scrolls of identify {unknown}
 i - a scroll of enchant armour {unknown}
Potions
 c - a potion of flight {unknown}
 d - a potion of might {unknown}
 e - a potion of attraction {unknown}
 h - a potion of heal wounds {unknown}
 j - a potion of degeneration {unknown}


   Skills:
 - Level 2.4 Dodging
 + Level 3.6 Stealth
 - Level 3.0 Spellcasting
 + Level 0.6 Conjurations
 - Level 2.0 Transmutations
 + Level 0.5 Air Magic
 + Level 3.5 Poison Magic


You had 3 spell levels left.
You knew the following spells:

 Your Spells              Type           Power      Damage    Failure   Level
a - Sting                 Tmut/Pois      48%        1d5       5%          1
b - Poisonous Vapours     Pois/Air       20%        N/A       11%         2
c - Mephitic Cloud        Conj/Pois/Air  8%         N/A       26%         3

Your spell library contained the following spells:

 Spells                   Type           Power      Damage    Failure   Level
 Spider Form              Tmut/Pois      12%        N/A       16%         3
 Ensorcelled Hibernation  Hex/Ice        4%         N/A       24%         2
 Olgreb's Toxic Radiance  Pois           15%        N/A       36%         4


Dungeon Overview and Level Annotations

Branches:
Dungeon (3/15)

Altars:

Shops:
D:1 =


Innate Abilities, Weirdness & Mutations

You are small and have problems with some larger weapons.
You are completely attuned to the shadows.


Message History

Found 12 stones.
A steam dragon comes into view.
The steam dragon hisses angrily.
Casting: Poisonous Vapours (safe; 11% risk of failure)
Confirm with . or Enter, or press ? or * to list all spells.
Aiming: Poisonous Vapours (safe; 11% risk of failure)
Press: ? - help, Dir - move target, f - steam dragon
Aim: a steam dragon Poisonous vapours surround the steam dragon!
The steam dragon is poisoned.
The steam dragon breathes steam at you. The ball of steam misses you.
Casting: Poisonous Vapours (safe; 11% risk of failure)
Confirm with . or Enter, or press ? or * to list all spells.
Aiming: Poisonous Vapours (safe; 11% risk of failure)
Press: ? - help, Dir - move target, f/p - steam dragon
Aim: a steam dragon (steam, lightly wounded)
You miscast Poisonous Vapours.
You are very lightly contaminated with residual magic.
Nothing appears to happen.
Casting: Poisonous Vapours (safe; 11% risk of failure)
Confirm with . or Enter, or press ? or * to list all spells.
Aiming: Poisonous Vapours (safe; 11% risk of failure)
Press: ? - help, Dir - move target, f/p - steam dragon
Aim: a steam dragon (lightly wounded) Poisonous vapours surround the steam dragon!
The steam dragon is poisoned.
Casting: Poisonous Vapours (safe; 11% risk of failure)
Confirm with . or Enter, or press ? or * to list all spells.
Aiming: Poisonous Vapours (safe; 11% risk of failure)
Press: ? - help, Dir - move target, f/p - steam dragon
Aim: a steam dragon (moderately wounded, poisoned) Poisonous vapours surround the steam dragon!
The steam dragon looks even sicker.
The steam dragon barely misses you. The steam dragon claws you.
Your magical contamination has completely faded away.
The steam dragon breathes steam at you. The ball of steam hits you!!
Ouch! That really hurt!
You die...

####'#######.......#.####
................##.#....#
##..............+.....#.#
#..............##.##.#.#
#..............##....#.#
#..............+.....#.# #
#...........D..#####.#.# #.
#......§.....§.# #.#.# #.
#............@.#####.#.# #.
#.................##.#.######.
###.....#########.##.#.#....'.
####D....# #..#.##.#.....##.
#(.......######..#.##.#>....##.
#.#...........#..#.##.#.....##.
#.#......####.#..#.#..#.....##.
#.#......####.#..#.#.##.....###
#D#..#.#.........#.#.##.....#


You could see a steam dragon (poisoned, catching breath).

Vanquished Creatures
  4 adders
  A worm (D:2)
  A dart slug (D:1)
  3 bats
  3 endoplasms
  2 giant cockroaches (D:2)
  5 goblins
  4 hobgoblins
  2 kobolds (D:1)
  5 ball pythons
  5 frilled lizards
  7 rats
42 creatures vanquished.

Notes
Turn   | Place    | Note
-------+----------+-------------------------------------------
     0 | D:1      | Deminshera the Kobold Venom Mage began the quest for the
                  | Orb.
     0 | D:1      | Reached XP level 1. HP: 10/10 MP: 3/3
    82 | D:1      | Found Roifiseg's Jewellery Emporium.
   670 | D:1      | Reached XP level 2. HP: 15/15 MP: 3/5
   673 | D:1      | Learned a level 2 spell: Poisonous Vapours
   740 | D:1      | Found a faded altar of an unknown god.
  1342 | D:1      | Reached XP level 3. HP: 19/19 MP: 2/6
  3593 | D:2      | Reached XP level 4. HP: 24/24 MP: 6/8
  3633 | D:2      | Learned a level 3 spell: Mephitic Cloud
  5108 | D:3      | Noticed a steam dragon
  5131 | D:3      | Killed from afar by a steam dragon

Illustrated notes

Levels and vault maps discovered:
D:1:      psy_arrival_basics, layout_rooms, serial_shops,
          nicolae_shop_statue_plus, basic_ecumenical_altar
D:2:      layout_basic
D:3:      layout_basic

Skill      XL: |  1  2  3  4 |
---------------+-------------+-----
Stealth        | 3 |  3.6
Transmutations | 2 |  2.0
Spellcasting   | 3 |  3.0
Dodging        | |  2.4
Conjurations   | |  0.6
Air Magic      | |  0.5
Poison Magic   | |  3.5

Action                   |  1- 3 |  4- 6 || total
-------------------------+-------+-------++-------
Melee: Unarmed           |     8 |       ||     8
       Dagger            |    26 |     5 ||    31
 Cast: Sting             |    49 |     1 ||    50
       Poisonous Vapours |     7 |    12 ||    19
 Stab: Sleeping          |     1 |     1 ||     2
Armor: Robe              |    10 |     2 ||    12
Dodge: Dodged            |    44 |    10 ||    54

Table legend: (Time is in decaauts)
 A = Elapsed time spent in this place.
 B = Non-inter-level travel time spent in this place.
 C = Inter-level travel time spent in this place.
 D = Time resting spent in this place.
 E = Time spent auto-exploring this place.
 F = Levels seen in this place.
 G = Mean time per level.
                   A        B        C        D        E       F      G
               +--------+--------+--------+--------+--------+-----+--------+
         Total |   5130 |   5069 |     61 |   3122 |   1545 |   3 | 1710.0 |
       Dungeon |   5130 |   5069 |     61 |   3122 |   1545 |   3 | 1710.0 |
               +--------+--------+--------+--------+--------+-----+--------+

Top non-repeatable levels by time:
     D:2: 2573 daAuts
     D:1: 1954 daAuts
     D:3: 601 daAuts
